 Dungeon Crawl Stone Soup version 0.29-a0-319-gad05b8d819 (webtiles) character file.

Game seed: 2039363242229915943

28 SkeletonJelly the Slasher (level 2, -2/27 HPs)
             Began as a Draconian Monk on Apr 2, 2022.
             Slain by a gnoll
             ... wielding a +2 whip of venom
              (3 damage)
             ... on level 2 of the Dungeon.
             The game lasted 00:02:13 (1426 turns).

SkeletonJelly the Slasher (Draconian Monk)          Turns: 1426, Time: 00:02:14

Health: -2/27      AC:  4    Str: 13    XL:     2   Next: 96%
Magic:  2/2        EV: 12    Int: 10    God:
Gold:   110        SH:  0    Dex: 13    Spells: 1/1 levels left

rFire   . . .      SeeInvis .   a - +0 falchion
rCold   . . .      Faith    .   (no shield)
rNeg    . . .      Spirit   .   (body armour unavailable)
rPois   .          Reflect  .   (helmet restricted)
rElec   .          Harm     .   (no cloak)
rCorr   .          Rampage  .   (no gloves)
Will    .....                   (no boots)
Stlth   ++........              (no amulet)
HPRegen 0.09/turn               (no ring)
MPRegen 0.08/turn               (no ring)

@: no status effects
A: AC +4, unfitting armour, cold-blooded
a: no special abilities


You were on level 2 of the Dungeon.
You visited 1 branch of the dungeon, and saw 2 of its levels.

You collected 110 gold pieces.

Inventory:

Hand Weapons
 a - a +0 falchion (weapon)
 f - a +0 glaive of protection
Missiles
 i - 6 poisoned darts (quivered)
Scrolls
 c - a scroll of enchant weapon {unknown}
 d - 2 scrolls of identify {unknown}
 e - a scroll of fear {unknown}
 g - a scroll of brand weapon {unknown}
 j - a scroll of amnesia {unknown}
Potions
 b - a potion of ambrosia
 h - a potion of attraction {unknown}
 k - a potion of curing {unknown}


   Skills:
 + Level 3.7 Fighting
 * Level 3.8 Long Blades
 - Level 2.6 Dodging
 - Level 1.7 Stealth


You had one spell level left.
You didn't know any spells.
Your spell library was empty.

Dungeon Overview and Level Annotations

Branches:
Dungeon (2/15)

Altars:


Innate Abilities, Weirdness & Mutations

Your plain brown scales are hard. (AC +4)
You cannot fit into any form of body armour.
You are cold-blooded and may be slowed by cold attacks.


Message History

Found a bubbling grey potion.
The quokka closely misses you. The quokka barely misses you.
You slash the quokka!
You kill the quokka!
Health restored: 27 No target in view!
No target in view!
No target in view!
No target in view!
No target in view!
k - a bubbling grey potion A hobgoblin comes into view.
A hobgoblin is nearby!
A hobgoblin is nearby!
The hobgoblin shouts!
The hobgoblin hits you but does no damage.
You hit the hobgoblin but do no damage.
Your tail-slap misses the hobgoblin.
You punch the hobgoblin, but do no damage.
The hobgoblin closely misses you.
You hit the hobgoblin.
The hobgoblin is moderately wounded.
The hobgoblin closely misses you. The hobgoblin barely misses you.
You closely miss the hobgoblin.
You tail-slap the hobgoblin, but do no damage.
Your punch misses the hobgoblin.
The hobgoblin is moderately wounded.
The hobgoblin hits you.
You take 4 damage, and have 23/27 hp.
You hit the hobgoblin.
You kill the hobgoblin!
No target in view!
No target in view!
No target in view!
No target in view!
You now have 110 gold pieces (gained 4).
A giant cockroach comes into view.
Health restored: 27 A giant cockroach is nearby!
A giant cockroach is nearby!
A giant cockroach is nearby!
The giant cockroach barely misses you.
You hit the giant cockroach.
You kill the giant cockroach!
No target in view!
No target in view!
No target in view!
No target in view!
Found a stone staircase leading up.
There is a stone staircase leading up here.
Key pressed, stopping explore.
A dart slug comes into view.
A dart slug is nearby!
The dart slug barely misses you.
You hit the dart slug but do no damage. You hit the dart slug but do no damage.
The dart slug launches a dart at you. The slug dart hits you.
You take 2 damage, and have 25/27 hp.
You hit the dart slug.
The dart slug is moderately wounded.
The dart slug launches a dart at you. The slug dart hits you.
You take 5 damage, and have 20/27 hp.
You hit the dart slug.
You kill the dart slug!
No target in view!
No target in view!
No target in view!
A ball python comes into view.
Health restored: 27 A ball python is nearby!
A ball python is nearby!
The ball python hisses angrily.
You hear a shout!
You barely miss the ball python.
A gnoll comes into view. It is wielding a +0 halberd.
The ball python bites you but does no damage.
The ball python grabs you. The ball python constricts you.
You barely miss the ball python.
Your tail-slap misses the ball python.
The ball python closely misses you. The ball python constricts you.
A gnoll comes into view. It is wielding a +2 whip of venom.
The gnoll shouts!
You hit the ball python.
You kill the ball python!
A gnoll comes into view. It is wielding a +0 halberd.
The gnoll barely misses you.
You see here a ball python corpse.
You closely miss the gnoll.
The gnoll shouts!
You tail-slap the gnoll.
The gnoll is lightly wounded.
The gnoll hits you from afar with a +0 halberd!
You take 12 damage, and have 15/27 hp.
MASSIVE DAMAGE!!
You completely miss the gnoll. The gnoll barely misses you.
You hit the gnoll.
The gnoll is lightly wounded.
The gnoll hits you from afar with a +0 halberd!
Ouch! That really hurt!
* * * LOW HITPOINT WARNING * * *
The gnoll hits you with a +2 whip of venom.
You die...

###. #... ###.##
#>.... ######## #.#.#.
######......#####.#[#.
...##.##.......#.#...
#.##.##.#.###.#.###.
#.g@....#.# #.#.....
#g##.####.# #....###
......g.##......#
####.#
.......########## #.#
.##.##. #.# # #. #.#
#. #.### #. ..##. ..
##...


You could see 3 gnolls.

Vanquished Creatures
  3 dart slugs
  4 endoplasms
  A giant cockroach (D:2)
  A goblin (D:1)
  3 hobgoblins
  A quokka (D:2)
  A ball python (D:2)
  2 bats (D:1)
  A kobold (D:1)
  3 rats (D:1)
20 creatures vanquished.

Vanquished Creatures (others)
  6 plants (D:1)
6 creatures vanquished.

Grand Total: 26 creatures vanquished

Notes
Turn   | Place    | Note
-------+----------+-------------------------------------------
     0 | D:1      | SkeletonJelly the Draconian Monk began the quest for the
                  | Orb.
     0 | D:1      | Reached XP level 1. HP: 19/19 MP: 1/1
   517 | D:1      | Reached XP level 2. HP: 23/26 MP: 2/2
  1426 | D:2      | HP: 1/27 [gnoll/+0 halberd (15)]
  1426 | D:2      | Slain by a gnoll

Illustrated notes

Levels and vault maps discovered:
D:1:      roderic_crop_circles_arrival_small, layout_basic,
          serial_co_window_serial, co_window_paths_b, co_window_paths_b,
          co_window_paths_a, co_window_of_opportunity_a, co_window_corner_a,
          co_window_2corner, co_window_corner_b, co_window_corner_ca,
          co_window_broadway_a, glass_columns_b
D:2:      layout_loops_cross, basic_altar

Action                   || total
-------------------------++-------
Melee: Falchion          ||    71
       Tailslap          ||     7
       Punch             ||     1
 Stab: Sleeping          ||     2
Armor: Skin              ||    17
Dodge: Dodged            ||    30

Table legend: (Time is in decaauts)
 A = Elapsed time spent in this place.
 B = Non-inter-level travel time spent in this place.
 C = Inter-level travel time spent in this place.
 D = Time resting spent in this place.
 E = Time spent auto-exploring this place.
 F = Levels seen in this place.
 G = Mean time per level.
                   A        B        C        D        E       F      G
               +--------+--------+--------+--------+--------+-----+--------+
         Total |   1437 |   1409 |     28 |      0 |   1217 |   2 |  718.5 |
       Dungeon |   1437 |   1409 |     28 |      0 |   1217 |   2 |  718.5 |
               +--------+--------+--------+--------+--------+-----+--------+

Top non-repeatable levels by time:
     D:1: 1093 daAuts
     D:2: 344 daAuts
